 Dungeon Crawl Stone Soup version 0.32-a0-732-ga344392067 (webtiles) character file.

Game seed: 1449749426297339503

7 Goblin1989 the Sneak (level 1, -1/18 HPs)
             Began as a Demonspawn Delver on Mar 17, 2024.
             Frozen to death by an endoplasm (3 damage)
             ... on level 1 of the Dungeon.
             The game lasted 00:02:01 (238 turns).

Goblin1989 the Sneak (Demonspawn Delver)             Turns: 238, Time: 00:02:01

Health: -1/18      AC:  3    Str: 12    XL:     1   Next: 83%
Magic:  1/1        EV: 10    Int: 10    God:
Gold:   29         SH:  0    Dex: 14    Spells: 0/0 levels left

rFire   . . .        a - +0 mace
rCold   . . .        (no shield)
rNeg    . . .        b - +0 leather armour
rPois   .            (no helmet)
rElec   .            (no cloak)
rCorr   .            (no gloves)
SInv    .            (no boots)
Will    .....        (no amulet)
Stlth   ++           (no ring)
HPRegen 0.23/turn    (no ring)
MPRegen 0.07/turn

%: no passive effects
@: no status effects
A: no striking features
a: no special abilities


You were on level 1 of the Dungeon.
You visited 1 branch of the dungeon, and saw 5 of its levels.

You collected 29 gold pieces.

Inventory:

Hand Weapons
 a - a +0 mace (weapon)
Armour
 b - a +0 leather armour (worn)
Wands
 g - a wand of digging (3) {@v3}
Scrolls
 c - a scroll of fog
 d - a scroll of revelation
 e - 2 scrolls of fear
 i - 2 scrolls of identify {unknown}
Potions
 f - a potion of haste {@q3,}
 h - a potion of curing {unknown}


   Skills:
 - Level 3.0 Fighting
 + Level 2.4 Maces & Flails
 - Level 1.7 Dodging
 - Level 4.5 Stealth


You couldn't memorise any spells.
You didn't know any spells.
Your spell library was empty.

Dungeon Overview and Level Annotations

Branches:
Dungeon (5/15) Zot: 26986
 Temple: D:4-7

Altars:

Annotations:
D:5 2 transporters, Blork the orc; Iwannabefree's ghost, novice CoAr


Message History

The ball python hisses angrily.
Found a dagger.
The ball python attacks as it pursues you!
The ball python bites you but does no damage.
The ball python grabs you. The ball python constricts you.
You take 1 damage, and have 17/18 hp.
You escape the ball python's grasp.
A hobgoblin comes into view.
Found a book of Transmutation.
The ball python bites you. x2; The ball python closely misses you.
You take 4 damage, and have 13/18 hp.
MASSIVE DAMAGE!!
Unknown command.
Unknown command.
The ball python attacks as it pursues you!
The ball python bites you but does no damage.
The ball python barely misses you.
You closely miss the ball python. The ball python barely misses you.
The ball python grabs you. The ball python constricts you.
The ball python bites you but does no damage.
The ball python constricts you.
You barely miss the ball python.
The ball python bites you but does no damage.
The ball python constricts you.
You hit the ball python but do no damage.
The ball python bites you but does no damage.
The ball python constricts you.
The ball python bites you but does no damage.
The ball python constricts you.
You take 2 damage, and have 12/18 hp.
You thump the ball python!
You kill the ball python!
You see here a ball python corpse.
Found 4 stones.
Found a stone staircase leading up.
Found a stone staircase leading up.
There is a stone staircase leading up here.
You climb upwards.
The hobgoblin shouts!
The endoplasm quivers.
Found 6 stones, a scroll labelled BUWNIPPYAG and a mace.
There is a stone staircase leading down here.
There are monsters nearby!
Unknown command.
The bat hits you but does no damage.
You hit the bat.
You kill the bat!
You closely miss the goblin. The goblin barely misses you.
You barely miss the goblin. The goblin misses you.
Health restored: 18 You closely miss the goblin.
The endoplasm freezes you.
You are frozen.
The goblin completely misses you. The goblin hits you but does no damage.
The hobgoblin hits you but does no damage.
The endoplasm closely misses you.
You take 5 damage, and have 13/18 hp.
MASSIVE DAMAGE!!
You barely miss the hobgoblin. The endoplasm freezes you.
You are frozen.
The hobgoblin misses you. The goblin completely misses you.
You take 2 damage, and have 11/18 hp.
You sock the hobgoblin!
You kill the hobgoblin!
The endoplasm freezes you.
You are frozen.
The goblin hits you with a +0 club.
* * * LOW HITPOINT WARNING * * *
You are too injured to fight recklessly!
You are too injured to fight recklessly!
Unknown command.
You take 5 damage, and have 6/18 hp.
MASSIVE DAMAGE!!
You are too injured to fight recklessly!
You are too injured to fight recklessly!
You are too injured to fight recklessly!
You are too injured to fight recklessly!
You are too injured to fight recklessly!
You are too injured to fight recklessly!
You are too injured to fight recklessly!
You are too injured to fight recklessly!
You are too injured to fight recklessly!
You are too injured to fight recklessly!
You are too injured to fight recklessly!
You are too injured to fight recklessly!
You are too injured to fight recklessly!
You barely miss the goblin.
The endoplasm hits you but does no damage.
The goblin hits you but does no damage. The endoplasm freezes you.
You are frozen.
* * * LOW HITPOINT WARNING * * *
The goblin hits you with a +0 club.
* * * LOW HITPOINT WARNING * * *
You take 4 damage, and have 2/18 hp.
MASSIVE DAMAGE!!
You hit the goblin.
You kill the goblin!
The endoplasm hits you but does no damage.
Unknown command.
You hit the endoplasm.
The endoplasm is heavily wounded.
The endoplasm freezes you.
You are frozen.
You die...

█.....█
██..?....
█........
█........
█........
█........
█....(...
█>.......
█@)......
█.J......
█.....^..
█........
██.......
█..)..█


██████ You could see an endoplasm.

Vanquished Creatures
  An orc (D:5)
  A ball python (D:2)
  A goblin (D:1)
  A hobgoblin (D:1)
  A bat (D:1)
5 creatures vanquished.

Notes
Turn   | Place    | Note
-------+----------+-------------------------------------------
     0 | D:5      | Goblin1989 the Demonspawn Delver began the quest for the
                  | Orb.
     0 | D:5      | Reached XP level 1. HP: 18/18 MP: 1/1
     7 | D:5      | Found a transporter.
     7 | D:5      | Noticed Iwannabefree's ghost (novice CoAr)
     8 | D:5      | Found a transporter.
     8 | D:5      | Noticed an ogre
   143 | D:5      | Noticed Blork the orc
   169 | D:4      | Noticed an orc wizard
   238 | D:1      | Frozen to death by an endoplasm

Illustrated notes

Levels and vault maps discovered:
D:1:      grunt_arrival_lava_bath, layout_rooms
D:2:      layout_basic
D:3:      layout_rooms, serial_shops, nicolae_shop_behind_doors
D:4:      layout_rooms, minmay_temple_entry_poolview, uniq_sigmund
D:5:      layout_loops_corners, gammafunk_ghost_smash, uniq_ijyb,
          uniq_blork_the_orc, uniq_crazy_yiuf_cottage

Skill      XL: |  1 |
---------------+----+-----
Maces & Flails | 2 |  2.4
Fighting       | |  3.0
Dodging        | |  1.7
Stealth        | |  4.5

Action                     || total
---------------------------++-------
  Melee: Mace              ||    16
 Armour: Leather armour    ||    25
  Dodge: Dodged            ||    11

Table legend: (Time is in decaauts)
 A = Elapsed time spent in this place.
 B = Non-inter-level travel time spent in this place.
 C = Inter-level travel time spent in this place.
 D = Time resting spent in this place.
 E = Time spent auto-exploring this place.
 F = Levels seen in this place.
 G = Mean time per level.
                   A        B        C        D        E       F      G
               +--------+--------+--------+--------+--------+-----+--------+
         Total |    241 |    241 |      0 |      0 |      0 |   5 |   48.2 |
       Dungeon |    241 |    241 |      0 |      0 |      0 |   5 |   48.2 |
               +--------+--------+--------+--------+--------+-----+--------+

Top non-repeatable levels by time:
     D:5: 149 daAuts
     D:2: 46 daAuts
     D:4: 27 daAuts
     D:1: 12 daAuts
     D:3: 4 daAuts
